 Dungeon Crawl Stone Soup version 0.25-a0-632-g7713895 (webtiles) character file.

Game seed: 15427110387895476412, levelgen mode: deterministic

884 BlueFish the Covert (level 8, -1/51 HPs)
             Began as an Octopode Assassin on Mar 18, 2020.
             Slain by a gnoll
             ... wielding a +1 spear of venom
              (7 damage)
             ... on level 4 of the Dungeon on Mar 19, 2020.
             The game lasted 00:13:53 (4964 turns).

BlueFish the Covert (Octopode Assassin)             Turns: 4964, Time: 00:13:53

Health: -1/51      AC:  1    Str: 10    XL:     8   Next: 5%
Magic:  8/8        EV:  8    Int: 13    God:
Gold:   176        SH:  0    Dex: 16    Spells: 7/7 levels left

rFire    . . .     SeeInvis .   a - +3 dagger
rCold    . . .     Gourm    .   (no shield)
rNeg     + . .     Faith    .   (helmet restricted)
rPois    .         Spirit   .   (no amulet)
rElec    .         Reflect  .   o - ring of positive energy
rCorr    .         Harm     .   (no ring)
MR       .....                  (no ring)
Stlth    +++++.....             (no ring)
HPRegen  0.17/turn              (no ring)
MPRegen  0.11/turn              (no ring)
                                (no ring)
                                (no ring)

@: lethally poisoned (-1 -> -7), held
A: almost no armour, stealthy swim, amphibious, 8 rings, constrict 8, camouflage
1, gelatinous body 1
a: no special abilities


You were on level 4 of the Dungeon.
You were not hungry.

You visited 1 branch of the dungeon, and saw 5 of its levels.

You collected 176 gold pieces.

Inventory:

Hand Weapons
 a - a +3 dagger (weapon)
Missiles
 b - 22 poisoned darts (quivered)
 c - 2 curare-tipped darts
 q - 5 atropa-tipped darts
Jewellery
 o - a ring of positive energy (left tentacle)
Wands
 m - a wand of scattershot (5)
 s - a wand of polymorph (8)
Scrolls
 e - 3 scrolls of remove curse
 h - a scroll of amnesia
 i - a scroll of enchant armour
 t - a scroll of identify
Potions
 j - a potion of might
 k - a potion of resistance
 l - 3 potions of curing
 n - a potion of brilliance
Comestibles
 d - 9 rations


   Skills:
 + Level 2.7 Fighting
 * Level 4.7 Short Blades
 * Level 3.4 Throwing
 * Level 3.1 Dodging
 * Level 10.0 Stealth


You had 7 spell levels left.
You didn't know any spells.
Your spell library was empty.

Dungeon Overview and Level Annotations

Branches:
Dungeon (5/15)
 Temple: D:4-7

Altars:
Ashenzari
Elyvilon
Nemelex Xobeh
Wu Jian
Zin

Annotations:
D:3 3 runed translucent doors, Foxy's ghost, amateur OgFE


Innate Abilities, Weirdness & Mutations

You cannot wear most types of armour.
You are very stealthy in the water. (Stealth+)
You are amphibious.
You can wear up to eight rings at the same time.
You can use your tentacles to constrict eight enemies at once.
Your skin changes colour to match your surroundings (Stealth+).
Your rubbery body absorbs attacks. (AC +1, EV +1)


Message History

You feel sick.
The gnoll hits you with a +1 spear of venom.
You are more poisoned.
You hit the gnoll.
The gnoll is moderately wounded.
You constrict the gnoll.
You feel very sick.
The gnoll hits you with a +1 spear of venom.
* * * LOW HITPOINT WARNING * * *
You are more poisoned.
The gnoll throws a throwing net.
The throwing net hits you.
You become entangled in the net!
You feel better.
You constrict the gnoll.
The gnoll hits you with a +1 spear of venom.
You are poisoned.
You tear a large gash into the net.
You constrict the gnoll.
You feel sick.
The gnoll hits you with a cursed -1 flail!
* * * LOW HITPOINT WARNING * * *
The gnoll hits you with a +1 spear of venom!
You die...

...............# ...............#
#### .).............# #...
#.........(....###############...
.......................?.......>.
#......##...................##h..
#####..#....................##...
.......#.......gg..............g.
#####..#........@...........##.g.
# #.......................##...
#####....###................##...
.........# ####.............##.!.
..###.#..# #..................
..# #....# ####)###?###.......
..# ####.## #.).#.# ..... ..#
###..########.#.#.# . ..#
#.......#.....).#.#


You could see 2 gnolls.

Vanquished Creatures
  Edmund (D:5)
  An ice beast (D:3)
  An ogre (D:4)
  2 scorpions (D:4)
  A crimson imp (D:5)
  A bullfrog skeleton (D:4)
  2 hounds
  An orc wizard (D:5)
  A jelly (D:5)
  2 iguanas
  Natasha (thrice) (D:3)
  A worker ant (D:4)
  An adder (D:4)
  4 gnolls
  3 worms
  A dart slug (D:2)
  2 leopard geckos
  15 orcs
  8 giant cockroaches
  6 goblins
  3 hobgoblins
  5 jackals
  6 kobolds
  3 quokkas (D:3)
  3 ball pythons
  7 bats
  4 frilled lizards
  A leopard gecko skeleton (D:5)
  9 rats
98 creatures vanquished.

Notes
Turn   | Place    | Note
-------+----------+-------------------------------------------
     0 | D:1      | BlueFish the Octopode Assassin began the quest for the Orb.
     0 | D:1      | Reached XP level 1. HP: 14/14 MP: 1/1
    97 | D:1      | Reached XP level 2. HP: 17/19 MP: 2/2
   552 | D:1      | Reached skill level 6 in Stealth
   662 | D:1      | Upgraded the game from 0.25-a0-631-gc915619 to
                  | 0.25-a0-632-g7713895
   801 | D:2      | Reached XP level 3. HP: 24/24 MP: 3/3
   877 | D:2      | You fall into a shaft and drop 1 floor!
   931 | D:2      | Found a shattered altar of Ashenzari.
  1353 | D:2      | Found an ornate altar of the Wu Jian Council.
  1354 | D:2      | Found a white marble altar of Elyvilon.
  1902 | D:3      | Reached XP level 4. HP: 22/29 MP: 4/4
  2170 | D:3      | Reached skill level 7 in Stealth
  2253 | D:3      | Noticed Natasha
  2327 | D:3      | Killed Natasha
  2327 | D:3      | Reached XP level 5. HP: 34/34 MP: 5/5
  2349 | D:3      | Noticed Natasha
  2359 | D:3      | Killed Natasha
  2395 | D:3      | Noticed Natasha
  2477 | D:3      | Killed Natasha
  2528 | D:3      | Found a runed translucent gate.
  2530 | D:3      | Found a runed translucent gate.
  2533 | D:3      | Found a runed translucent gate.
  2535 | D:3      | Noticed Foxy's ghost (amateur OgFE)
  2648 | D:3      | Found a glowing silver altar of Zin.
  2648 | D:3      | Found a sparkling altar of Nemelex Xobeh.
  3059 | D:4      | Reached skill level 8 in Stealth
  3059 | D:4      | Reached XP level 6. HP: 35/39 MP: 6/6
  3137 | D:4      | Noticed an ice beast
  3236 | D:3      | Killed an ice beast
  3602 | D:4      | HP: 2/41 [orc/+0 flail (8)]
  3608 | D:5      | Entered Level 5 of the Dungeon
  3611 | D:5      | Reached XP level 7. HP: 3/45 MP: 7/7
  3911 | D:5      | Reached skill level 9 in Stealth
  4398 | D:5      | Noticed Edmund
  4405 | D:5      | Killed Edmund
  4903 | D:4      | Reached skill level 10 in Stealth
  4903 | D:4      | Reached XP level 8. HP: 51/51 MP: 8/8
  4964 | D:4      | Slain by a gnoll

Levels and vault maps discovered:
D:1:      nicolae_arrival_washed_ashore, layout_basic, st_stairs_8,
          minmay_misc_feat_columns
D:2:      layout_basic, gammafunk_temple_overflow_statue, st_stairs_10,
          minivault_5, lemuel_altar_in_water
D:3:      layout_loops_ring, amethyst_overflow_temple_binary,
          gammafunk_ghost_necromancy, kennysheep_small_spiral,
          grunt_ministairs_8, minmay_misc_feat_secret_circle, st_stairs_7,
          minivault_19, uniq_natasha
D:4:      layout_basic, minmay_temple_entry_fiery, first_ration
D:5:      layout_loops_ring, nicolae_zen_rock_garden, minivault_26,
          serial_bayou_lake_a, uniq_edmund

Skill      XL: |  1  2  3  4  5  6  7 |
---------------+----------------------+-----
Stealth        | 6 7 8 10 | 10.0
Short Blades   | 3 4 |  4.7
Dodging        | 2 3 |  3.1
Throwing       | 3 |  3.4
Fighting       | |  2.7

Action                   |  1- 3 |  4- 6 |  7- 9 || total
-------------------------+-------+-------+-------++-------
Melee: Dagger            |    71 |    84 |    61 ||   216
       Tentacles         |    12 |    13 |    19 ||    44
       Constrict         |    18 |    14 |    13 ||    45
  Use: Scroll            |     8 |     5 |       ||    13
       Potion            |       |       |     1 ||     1
 Stab: Sleeping          |    18 |    15 |     5 ||    38
       Distracted        |     2 |       |     1 ||     3
  Eat: Chunk             |     3 |     3 |     3 ||     9
       Ration            |       |     1 |       ||     1
Armor: Skin              |     7 |     3 |     1 ||    11
Dodge: Dodged            |    21 |    44 |    29 ||    94

Table legend:
 A = Non-vault XP
 B = Vault XP
 C = Vault XP percentage of total XP
 D = Non-vault monster count
 E = Vault monster count
 F = Vault count percentage of total count
                 A         B        C        D         E       F
            +---------+---------+-------+---------+---------+-------
      Total |    1032 |     232 |  18.4 |      88 |      10 |  10.2
            +---------+---------+-------+---------+---------+-------
        D:1 |      26 |       4 |  13.3 |      16 |       3 |  15.8
        D:2 |      32 |       8 |  20.0 |      17 |       3 |  15.0
        D:3 |     295 |      38 |  11.4 |      29 |       3 |   9.4
        D:4 |     480 |       0 |   0.0 |      14 |       0 |   0.0
        D:5 |     199 |     182 |  47.8 |      12 |       1 |   7.7
            +---------+---------+-------+---------+---------+-------
